 Dungeon Crawl Stone Soup version 0.28.0-43-g3370ac3207 (webtiles) character file.

Game seed: 1520346436349766476

291 Zeld the Gusty (level 6, -14/32 HPs)
             Began as a Tengu Air Elementalist on Mar 30, 2022.
             Killed from afar by Ijyb (31 damage)
             ... with a bolt of acid
             ... on level 3 of the Dungeon.
             The game lasted 00:03:09 (3084 turns).

Zeld the Gusty (Tengu Air Elementalist)             Turns: 3084, Time: 00:03:10

Health: -14/32     AC:  2    Str:  9    XL:     6   Next: 32%
Magic:  0/12       EV: 15    Int: 17    God:
Gold:   168        SH:  0    Dex: 14    Spells: 6/12 levels left

rFire   . . .      SeeInvis .   (no weapon)
rCold   . . .      Faith    .   (no shield)
rNeg    . . .      Spirit   .   a - +0 robe
rPois   .          Reflect  .   (helmet restricted)
rElec   .          Harm     .   (no cloak)
rCorr   .          Rampage  .   (no gloves)
Will    .....                   (boots unavailable)
Stlth   ++........              (no amulet)
HPRegen 0.10/turn               (no ring)
MPRegen 0.13/turn               (no ring)

@: flying quickly and evasively, very slightly contaminated, quick
A: beak, talons 3, nimble flight
a: no special abilities


You were on level 3 of the Dungeon.
You visited 1 branch of the dungeon, and saw 3 of its levels.

You collected 168 gold pieces.

Inventory:

Armour
 a - a +0 robe (worn)
Scrolls
 b - a scroll of identify {unknown}
 c - a scroll of fear {unknown}
 d - a scroll of holy word {unknown}
 e - a scroll of fog {unknown}
 f - a scroll of enchant weapon {unknown}
Potions
 g - a potion of brilliance {unknown}


   Skills:
 - Level 3.0 Dodging
 - Level 3.0 Stealth
 * Level 3.8 Spellcasting
 + Level 3.2 Conjurations
 * Level 6.0 Air Magic


You had 6 spell levels left.
You knew the following spells:

 Your Spells              Type           Power      Damage    Failure   Level
a - Shock                 Conj/Air       72%        1d7       2%          1
b - Static Discharge      Conj/Air       18%        N/A       3%          2
c - Swiftness             Air            23%        N/A       4%          3

Your spell library contained the following spells:

 Spells                   Type           Power      Damage    Failure   Level
 Airstrike                Air            11%        N/A       14%         4


Dungeon Overview and Level Annotations

Branches:
Dungeon (3/15)

Altars:
Gozag
Nemelex Xobeh
Xom

Annotations:
D:3 Ijyb


Innate Abilities, Weirdness & Mutations

You have a beak for a mouth.
You have claws for feet.
Your magical nature lets you fly swiftly and evasively.


Message History

Unknown command.
Casting: Shock (safe; 2% risk of failure)
Confirm with . or Enter, or press ? or * to list all spells.
Ijyb is struck by an arc of lightning.
Ijyb is moderately wounded.
You are struck by an arc of lightning.
The lightning grounds out.
Unknown command.
Casting: Static Discharge (safe; 3% risk of failure)
Confirm with . or Enter, or press ? or * to list all spells.
Ijyb is struck by an arc of lightning.
Ijyb is heavily wounded.
You are struck by an arc of lightning.
The lightning grounds out.
Ijyb hits you with a +0 dagger.
Unknown command.
Casting: Static Discharge (safe; 3% risk of failure)
Confirm with . or Enter, or press ? or * to list all spells.
Ijyb is struck by an arc of lightning.
Ijyb is severely wounded.
You are struck by an arc of lightning.
Ijyb is struck by an arc of lightning!
Ijyb is almost dead.
The lightning grounds out.
Ijyb closely misses you.
Casting: Static Discharge (safe; 3% risk of failure)
Confirm with . or Enter, or press ? or * to list all spells.
You miscast Static Discharge.
You are very lightly contaminated with residual magic.
Nothing appears to happen.
Ijyb screams, "It's all mine!"
Ijyb hits you with a +0 dagger.
Unknown command.
You aren't carrying any items that you can evoke.
Unknown command.
You hit Ijyb but do no damage.
Ijyb is almost dead.
Ijyb hits you with a +0 dagger.
You hit Ijyb but do no damage. You claw Ijyb, but do no damage.
You peck Ijyb, but do no damage.
Ijyb is almost dead.
Ijyb zaps a wand.
The bolt of acid hits you!!
Ouch! That really hurt!
You die...

≈≈≈≈≈≈≈.#
....§..[#
#####.#.#
#...# #.###
####.######
#.........#
#.#######.#
#@# #g# #.#
#.# #.. §.§
.§§ §§§.


You could see Ijyb.

Vanquished Creatures
  Sigmund (D:3)
  Robin (D:3)
  3 gnolls (D:2)
  4 adders
  A worm (D:2)
  3 ball pythons (D:1)
  7 bats
  5 endoplasms
  2 giant cockroaches (D:1)
  9 goblins
  7 hobgoblins
  3 kobolds
  A quokka (D:1)
  4 frilled lizards
  6 rats
57 creatures vanquished.

Vanquished Creatures (others)
  A fungus (D:1)
1 creature vanquished.

Grand Total: 58 creatures vanquished

Notes
Turn   | Place    | Note
-------+----------+-------------------------------------------
     0 | D:1      | Zeld the Tengu Air Elementalist began the quest for the
                  | Orb.
     0 | D:1      | Reached XP level 1. HP: 10/10 MP: 4/4
   138 | D:1      | Reached XP level 2. HP: 15/15 MP: 0/6
   147 | D:1      | Learned a level 2 spell: Static Discharge
   676 | D:1      | Reached XP level 3. HP: 19/19 MP: 3/7
   680 | D:1      | Learned a level 3 spell: Swiftness
  1031 | D:2      | Found a sparkling altar of Nemelex Xobeh.
  1320 | D:2      | Reached XP level 4. HP: 24/24 MP: 0/9
  1407 | D:2      | Reached skill level 5 in Air Magic
  2359 | D:3      | Gained mutation: Your magical nature lets you fly swiftly
                  | and evasively. [Tengu growth]
  2359 | D:3      | Reached XP level 5. HP: 23/28 MP: 3/10
  2536 | D:3      | Noticed Sigmund
  2770 | D:3      | Killed Sigmund
  2771 | D:3      | Reached XP level 6. HP: 32/32 MP: 3/12
  2779 | D:3      | Noticed Robin
  2907 | D:3      | Killed Robin
  2925 | D:3      | Reached skill level 6 in Air Magic
  3038 | D:3      | Found an opulent altar of Gozag.
  3043 | D:3      | Found a shimmering altar of Xom.
  3073 | D:3      | Noticed Ijyb
  3084 | D:3      | Killed from afar by Ijyb

Illustrated notes

Levels and vault maps discovered:
D:1:      dpeg_arrival_prison, layout_basic, corexii_leaking_fountain
D:2:      layout_basic, basic_altar, chequers_hall_statues_corner_a
D:3:      layout_loops_ring, mainiacjoe_overflow_cross_hatched,
          mainiacjoe_overflow_catwalk_spiral,
          shapermc_ecumenical_altar_mp_vishouse, gammafunk_ghost_cemetery,
          minmay_misc_feat_five, minmay_misc_feat_rows, uniq_crazy_yiuf_cottage,
          uniq_sigmund, uniq_ijyb, uniq_robin

Skill      XL: |  1  2  3  4  5  6 |
---------------+-------------------+-----
Conjurations   | 2 3 |  3.2
Air Magic      | 5 6 |  6.0
Dodging        | 3 |  3.0
Stealth        | 3 |  3.0
Spellcasting   | 3 |  3.8

Action                   |  1- 3 |  4- 6 || total
-------------------------+-------+-------++-------
Melee: Unarmed           |     7 |    20 ||    27
       Kick              |     4 |     2 ||     6
       Peck              |     2 |     8 ||    10
 Cast: Shock             |    70 |    60 ||   130
       Static Discharge  |       |     3 ||     3
Armor: Robe              |     2 |     7 ||     9
Dodge: Dodged            |     5 |    24 ||    29
